 Dungeon Crawl Stone Soup version 0.28-a0-1415-g7c84da036a (webtiles) character file.

Game seed: 3540737355438262124

128 pokeman the Magician (level 4, 0/25 HPs)
             Began as a Deep Elf Hedge Wizard on Jan 7, 2022.
             Slain by Grinder (3 damage)
             ... on level 3 of the Dungeon.
             The game lasted 00:11:37 (5668 turns).

pokeman the Magician (Deep Elf Hedge Wizard)        Turns: 5668, Time: 00:11:37

Health: 0/25       AC:  3    Str:  7    XL:     4   Next: 87%
Magic:  1/14       EV: 13    Int: 21    God:
Gold:   53         SH:  0    Dex: 14    Spells: 4/15 levels left

rFire   . . .      SeeInvis .   a - +0 dagger
rCold   . . .      Faith    .   (no shield)
rNeg    . . .      Spirit   .   b - +0 robe
rPois   .          Reflect  .   c - +0 hat
rElec   .          Harm     .   (no cloak)
rCorr   .          Rampage  .   (no gloves)
Will    .....                   w - +0 pair of boots
Stlth   ++........              (no amulet)
HPRegen 0.08/turn               p - ring of wizardry
MPRegen 0.14/turn               (no ring)

@: no status effects
A: no striking features
a: no special abilities


You were on level 3 of the Dungeon.
You visited 1 branch of the dungeon, and saw 3 of its levels.

You collected 53 gold pieces.

Inventory:

Hand Weapons
 a - a +0 dagger (weapon)
Missiles
 j - 29 arrows
 k - 43 bolts
Armour
 b - a +0 robe (worn)
 c - a +0 hat (worn)
 d - a +0 buckler
 s - the +1 robe "Wula Lostro" {Str+2 Int+5 SInv}
   (You took it off a hobgoblin on level 3 of the Dungeon)

   Str:       It affects your strength (+2).
   Int:       It affects your intelligence (+5).
   SInv:      It lets you see invisible.
 w - a +0 pair of boots (worn)
Jewellery
 p - a ring of wizardry (left hand)
Wands
 r - a wand of polymorph (5)
 v - a wand of flame (15)
Scrolls
 g - a scroll of silence {unknown}
 m - a scroll of holy word {unknown}
 n - a scroll of summoning {unknown}
 o - a scroll of blinking {unknown}
 t - a scroll of torment {unknown}
Potions
 e - a potion of might {unknown}
 f - a potion of heal wounds
 h - a potion of attraction {unknown}
 i - 2 potions of degeneration {unknown}
 l - a potion of invisibility
 q - a potion of mutation {unknown}
 u - a potion of lignification {unknown}


   Skills:
 - Level 1.0 Fighting
 - Level 1.0 Armour
 - Level 3.0 Dodging
 + Level 2.4 Stealth
 + Level 0.8 Shields
 * Level 6.0 Spellcasting
 + Level 2.3 Conjurations
 - Level 1.1 Summonings
 - Level 1.1 Translocations


You had 4 spell levels left.
You knew the following spells:

 Your Spells              Type           Power      Damage    Failure   Level
a - Magic Dart            Conj           64%        1d6       1%          1
b - Mephitic Cloud        Conj/Pois/Air  9%         N/A       9%          3
c - Call Imp              Summ           10%        N/A       4%          2
d - Blink                 Tloc           20%        N/A       4%          2
e - Conjure Flame         Conj/Fire      11%        6-21      8%          3

Your spell library contained the following spells:

 Spells                   Type           Power      Damage    Failure   Level
 Apportation              Tloc           20%        N/A       2%          1
 Slow                     Hex            24%        N/A       4%          1
 Alistair's Intoxication  Tmut/Pois      4%         N/A       69%         5


Dungeon Overview and Level Annotations

Branches:
Dungeon (3/15)

Altars:

Shops:
D:1 *

Annotations:
D:3 Grinder


Message History

Grinder is severely wounded.
Grinder gestures at you. Pain shoots through your body!
Aiming: Throw Flame
Press: ? - help, Shift-Dir - straight line, f/p - Grinder
Aim: Grinder (severely wounded, 64% to hit)
The puff of flame hits Grinder.
Grinder is severely wounded.
Grinder gestures at you.
You barely resist.
Aiming: Throw Flame
Press: ? - help, Shift-Dir - straight line, f/p - Grinder
Aim: Grinder (severely wounded, 64% to hit)
The puff of flame hits Grinder.
Grinder is almost dead.
Unknown command.
Aiming: Throw Flame
Press: ? - help, Shift-Dir - straight line, f/p - Grinder
Aim: Grinder (almost dead, 64% to hit)
The puff of flame hits Grinder.
Grinder is almost dead.
Unknown command.
Aiming: Throw Flame
Press: ? - help, Shift-Dir - straight line, f/p - Grinder
Aim: Grinder (almost dead, 64% to hit)
The puff of flame misses Grinder.
Grinder gestures at you. Pain shoots through your body!
* * * LOW HITPOINT WARNING * * *
Casting: Magic Dart (safe; 1% risk of failure)
Confirm with . or Enter, or press ? or * to list all spells.
Aiming: Magic Dart (safe; 1% risk of failure)
Press: ? - help, Shift-Dir - straight line, f/p - Grinder
Aim: Grinder (almost dead, 100% to hit)
The magic dart hits Grinder but does no damage.
Grinder is almost dead.
Grinder hits you.
* * * LOW HITPOINT WARNING * * *
You writhe in agony.
You die...

########## #########
#........# #.......#
#.######.# #.#≈≈≈#.#
#........###.#≈.≈#.###
############...5@.≈.≈....#
...........#.###.#≈.≈.####
##########.#.# #.##...#
##########.#.# #.######
...).........# #<#
##########.########
######## #.#......#
.......# #.#5####.#
.......# #.#5# #.#


You could see Grinder.

Vanquished Creatures
  Ijyb (D:3)
  2 adders
  A worm (D:3)
  A dart slug (D:1)
  5 endoplasms (D:1)
  7 giant cockroaches
  5 goblins
  7 hobgoblins
  3 jackals (D:3)
  5 kobolds
  8 quokkas
  6 ball pythons
  3 bats
  5 frilled lizards
  5 rats
64 creatures vanquished.

Vanquished Creatures (collateral kills)
  An adder (D:3)
1 creature vanquished.

Grand Total: 65 creatures vanquished

Notes
Turn   | Place    | Note
-------+----------+-------------------------------------------
     0 | D:1      | pokeman the Deep Elf Hedge Wizard began the quest for the
                  | Orb.
     0 | D:1      | Reached XP level 1. HP: 10/10 MP: 7/7
   165 | D:1      | Found Cesaq's Assorted Antiques.
   238 | D:1      | Found a faded altar of an unknown god.
   242 | D:1      | Reached XP level 2. HP: 16/16 MP: 5/9
  1013 | D:1      | Reached skill level 5 in Spellcasting
  1296 | D:1      | Reached XP level 3. HP: 20/20 MP: 7/11
  1300 | D:1      | Learned a level 3 spell: Mephitic Cloud
  1303 | D:1      | Learned a level 2 spell: Call Imp
  1306 | D:1      | Learned a level 2 spell: Blink
  1310 | D:1      | Learned a level 3 spell: Conjure Flame
  1865 | D:2      | Reached skill level 1 in Fighting
  1865 | D:2      | Reached skill level 1 in Armour
  2622 | D:3      | Noticed Grinder
  2625 | D:3      | Paralysed by Grinder for 3 turns
  2989 | D:3      | Identified the +1 robe "Wula Lostro" {Str+2 Int+5 SInv}
  2992 | D:3      | Noticed Ijyb
  2993 | D:3      | Reached XP level 4. HP: 25/25 MP: 9/13
  3258 | D:3      | Killed Ijyb
  4569 | D:3      | Reached skill level 6 in Spellcasting
  5272 | D:3      | Paralysed by Grinder for 7 turns
  5301 | D:3      | Paralysed by Grinder for 5 turns
  5343 | D:3      | HP: 1/25 [Grinder/nerve-wracking pain (2)]
  5658 | D:3      | Paralysed by Grinder for 4 turns
  5668 | D:3      | Slain by Grinder

Illustrated notes

Levels and vault maps discovered:
D:1:      kennysheep_arrival_forest, layout_loops_ring, serial_co_window_serial,
          co_window_paths_a, co_window_paths_a, co_window_of_opportunity_a,
          co_window_corner_a, co_window_paths_a, co_window_cross_1,
          co_window_corner_a, co_window_broadway_a, co_window_2corner,
          co_window_2corner, co_window_2corner, co_window_corner_ca,
          glass_columns_b, glass_columns_b,
          ebering_ecumenical_altar_sacrificial, serial_shops,
          nicolae_shop_crystal, roderic_serpentine_path
D:2:      layout_loops_ring
D:3:      layout_basic, minivault_4, minmay_misc_feat_roman,
          chequers_serial_rivers_micro_d, minmay_circle_x, uniq_grinder,
          uniq_ijyb

Skill      XL: |  1  2  3  4 |
---------------+-------------+-----
Spellcasting   | 5 6 |  6.0
Fighting       | 1 |  1.0
Armour         | 1 |  1.0
Conjurations   | 2 |  2.3
Dodging        | 3 |  3.0
Stealth        | |  2.4
Shields        | |  0.8
Summonings     | |  1.1
Translocations | |  1.1

Action                   |  1- 3 |  4- 6 || total
-------------------------+-------+-------++-------
Melee: Dagger            |     3 |    17 ||    20
       Punch             |       |     2 ||     2
 Cast: Magic Dart        |   122 |    73 ||   195
       Call Imp          |       |     6 ||     6
       Conjure Flame     |       |     4 ||     4
       Mephitic Cloud    |       |     2 ||     2
Evoke: Wand              |       |     6 ||     6
  Use: Potion            |       |     1 ||     1
 Stab: Sleeping          |     2 |       ||     2
       Confused          |       |     1 ||     1
Armor: Robe              |     4 |     2 ||     6
Dodge: Dodged            |     8 |    32 ||    40

Table legend: (Time is in decaauts)
 A = Elapsed time spent in this place.
 B = Non-inter-level travel time spent in this place.
 C = Inter-level travel time spent in this place.
 D = Time resting spent in this place.
 E = Time spent auto-exploring this place.
 F = Levels seen in this place.
 G = Mean time per level.
                   A        B        C        D        E       F      G
               +--------+--------+--------+--------+--------+-----+--------+
         Total |   5674 |   5537 |    137 |   1310 |   3151 |   3 | 1891.3 |
       Dungeon |   5674 |   5537 |    137 |   1310 |   3151 |   3 | 1891.3 |
               +--------+--------+--------+--------+--------+-----+--------+

Top non-repeatable levels by time:
     D:3: 2031 daAuts
     D:1: 1858 daAuts
     D:2: 1785 daAuts
